 Dungeon Crawl Stone Soup version 0.23-a0-378-gd7a6ca6 (webtiles) character file.

77 MisterFreud the Sneak (level 4, -1/36 HPs)
             Began as a Naga Fire Elementalist on Oct 27, 2018.
             Killed by divine providence
             ... invoked by an orc priest
              (14 damage)
             ... on level 3 of the Dungeon.
             The game lasted 00:08:48 (3263 turns).

MisterFreud the Sneak (Naga Fire Elementalist)      Turns: 3263, Time: 00:08:49

Health: -1/36      AC:  5    Str: 10    XL:     4   Next: 34%
Magic:  1/7        EV: 10    Int: 16    God:
Gold:   136        SH:  0    Dex: 12    Spells: 3/7 levels left

rFire    . . .     SeeInvis +   e - +0 dagger
rCold    . . .     Gourm    .   (no shield)
rNeg     . . .     Faith    .   a - +0 robe
rPois    +         Spirit   .   h - +1 helmet
rElec    .         Reflect  .   n - +0 cloak
rCorr    .         Harm     .   (no gloves)
MR       .....                  (no barding)
Stlth    +++.......             (no amulet)
HPRegen  0.12/turn              (no ring)
MPRegen  0.10/turn              m - ring of flight

@: short of breath, very slightly contaminated, very slow
A: large, see invisible, deformed body, poison resistance, slowness 2, slow
metabolism 1, spit poison 1, AC +1
a: Spit Poison, Evoke Flight


You were on level 3 of the Dungeon.
You were very hungry.

You visited 1 branch of the dungeon, and saw 4 of its levels.

You collected 136 gold pieces.

Inventory:

Hand Weapons
 e - a +0 dagger (weapon)
Missiles
 i - 30 bolts
 j - 110 stones (quivered)
 o - 4 poisoned needles
Armour
 a - a +0 robe (worn)
 h - a +1 helmet (worn)
 n - a +0 cloak (worn)
Jewellery
 m - a ring of flight (right hand)
Scrolls
 g - a scroll of blinking
Potions
 b - 2 potions of flight {unknown}
 f - 3 potions of heal wounds
 k - a potion of curing {unknown}
Comestibles
 c - 5 rations


   Skills:
 - Level 1.5 Dodging
 + Level 5.2 Stealth
 - Level 2.0 Spellcasting
 - Level 3.0 Conjurations
 - Level 3.0 Fire Magic


You had 3 spell levels left.
You knew the following spells:

 Your Spells              Type           Power        Failure   Level  Hunger
a - Flame Tongue          Conj/Fire      ##...        6%          1    #......
b - Conjure Flame         Conj/Fire      ##......     19%         3    ###....

Your spell library contained the following spells:

 Spells                   Type           Power        Failure   Level  Hunger
 Throw Flame              Conj/Fire      ##....       9%          2    ###....
 Inner Flame              Hex/Fire       #.......     32%         3    ###....
 Sticky Flame             Conj/Fire      ##......     52%         4    #####..
 Fireball                 Conj/Fire      ##........   86%         5    ######.


Dungeon Overview and Level Annotations

Branches:
Dungeon (4/15)
 Temple: D:4-7

Altars:
Qazlal
Wu Jian


Innate Abilities, Weirdness & Mutations

You cannot wear boots.
Your serpentine skin is tough. (AC +1)
You have supernaturally acute eyesight. (SInv)
Armour fits poorly on your strangely shaped body.
Your system is resistant to poisons. (rPois)
You cover ground very slowly.
You have a slow metabolism.
You can spit poison.


Message History

The orc priest calls down the wrath of Beogh upon you.
Pain shoots through your body! The orc hits you but does no damage.
Casting: Flame Tongue (safe; 6% risk of failure)
Confirm with . or Enter, or press ? or * to list all spells.
Aiming: Flame Tongue (safe; 6% risk of failure)
Press: ? - help, Shift-Dir - straight line, f/p - orc priest
Aim: an orc priest, wielding a +0 short sword and wearing a +0 ring mail The flame tongue hits the orc priest.
The orc priest is heavily wounded.
The orc priest barely misses you. The orc completely misses you.
Press: ? - help, Shift-Dir - straight line, f/p - orc priest
Aim: an orc priest, wielding a +0 short sword and wearing a +0 ring mail The splash of poison hits the orc priest.
The orc priest is poisoned.
The orc priest is severely wounded.
You feel slightly more hungry. The orc priest misses you.
The orc barely misses you.
The orc priest calls down the wrath of Beogh upon you.
Beogh smites you!
You die...

######################
#.................#..############
#.######)........................
#..<.....##########..############
#######.......##.....# #....
##.####.##.....# #####.###
#.###.........####........
########..............##.........
..........##.###@................
........#.......>o..<####...<....
..>.....##....#o.....## #........
##.####...............###........
#.###...#..##.....w..##....####.
#.##.......##........##..### #.
#....#.###..............## #.
#......# ##.^#..........#### #.
##.).######...#........<....####.


You could see a worm, an orc priest and an orc.

Vanquished Creatures
  3 adders
  An ooze (D:3)
  3 worms (D:2)
  2 dart slugs
  3 orcs
  A ball python (D:2)
  3 goblins (D:1)
  A hobgoblin (D:3)
  2 jackals (D:3)
  6 kobolds
  4 bats (D:2)
  6 rats
35 creatures vanquished.

Notes
Turn   | Place    | Note
-------+----------+-------------------------------------------
     0 | D:1      | MisterFreud the Naga Fire Elementalist began the quest for
                  | the Orb.
     0 | D:1      | Reached XP level 1. HP: 15/15 MP: 3/3
   642 | D:1      | Reached XP level 2. HP: 20/22 MP: 5/5
  1187 | D:2      | Found an ornate altar of the Wu Jian Council.
  1533 | D:2      | Reached XP level 3. HP: 27/28 MP: 4/6
  1738 | D:2      | Found a stormy altar of Qazlal.
  2165 | D:2      | Reached skill level 4 in Stealth
  2551 | D:3      | Reached XP level 4. HP: 36/36 MP: 2/7
  2607 | D:2      | Learned a level 3 spell: Conjure Flame
  2847 | D:3      | Reached skill level 5 in Stealth
  3263 | D:3      | Killed from afar by an orc priest

Vault maps used:
D:1:      minmay_arrival_plants_in_alcoves
D:2:      overflow_temple_1_default, old_standard_altar, first_ration,
          minmay_misc_feat_enclosed

Skill      XL: |  1  2  3  4 |
---------------+-------------+-----
Conjurations   | 2 3 |  3.0
Stealth        | 4 5 |  5.2
Dodging        | |  1.5
Spellcasting   | |  2.0
Fire Magic     | |  3.0

Action                   |  1- 3 |  4- 6 || total
-------------------------+-------+-------++-------
Melee: Dagger            |    48 |     4 ||    52
       Unarmed           |    12 |       ||    12
Throw: Stone             |     1 |       ||     1
 Cast: Flame Tongue      |    34 |    20 ||    54
 Abil: Spit Poison       |    16 |    10 ||    26
  Use: Scroll            |     6 |     2 ||     8
 Stab: Sleeping          |     1 |       ||     1
  Eat: Chunk             |     2 |     1 ||     3
       Ration            |     1 |       ||     1
Armor: Robe              |    23 |     9 ||    32
Dodge: Dodged            |    56 |    16 ||    72

Table legend:
 A = Non-vault XP
 B = Vault XP
 C = Vault XP percentage of total XP
 D = Non-vault monster count
 E = Vault monster count
 F = Vault count percentage of total count
                 A         B        C        D         E       F
            +---------+---------+-------+---------+---------+-------
      Total |     111 |       0 |   0.0 |      35 |       0 |   0.0
            +---------+---------+-------+---------+---------+-------
        D:1 |      11 |       0 |   0.0 |       5 |       0 |   0.0
        D:2 |      59 |       0 |   0.0 |      17 |       0 |   0.0
        D:3 |      38 |       0 |   0.0 |      12 |       0 |   0.0
        D:4 |       3 |       0 |   0.0 |       1 |       0 |   0.0
            +---------+---------+-------+---------+---------+-------
